 Dungeon Crawl Stone Soup version 0.31-a0-208-gdb31a4691d (webtiles) character file.

Game seed: 16806006694310167416

12350 Dylgear the Cleaver (level 12, -2/89 HPs)
             Began as a Formicid Fighter on June 28, 2023.
             Was an Elder of Wu Jian.
             Slain by a yak (4 damage)
             ... on level 11 of the Dungeon.
             The game lasted 00:36:13 (10674 turns).

Dylgear the Cleaver (Formicid Fighter)             Turns: 10674, Time: 00:36:13

Health: -2/89      AC: 15    Str: 24    XL:     12   Next: 19%
Magic:  12/12      EV:  7    Int:  8    God:    Wu Jian [****..]
Gold:   618        SH: 17    Dex: 15    Spells: 11/11 levels left

rFire   + . .        l - +5 battleaxe
rCold   + . .        h - +0 kite shield
rNeg    . . .        r - +0 plate armour
rPois   .            (helmet unavailable)
rElec   .            p - scarf {rC+ rF+}
rCorr   +            (no gloves)
SInv    +            y - +0 pair of boots
Will    +....        f - amulet of reflection Stlth
                     m - ring of resist corrosion
HPRegen 0.34/turn    (no ring)
MPRegen 0.13/turn

%: reflection
@: spiked
A: permanent stasis, dig shafts and tunnels, antennae 3, four strong arms
a: Dig, Shaft Self, Renounce Religion, Wall Jump, Serpent's Lash


You were on level 11 of the Dungeon.
You worshipped Wu Jian.
Wu Jian was greatly pleased with you.
You visited 2 branches of the dungeon, and saw 12 of its levels.

You collected 739 gold pieces.
You spent 121 gold pieces at shops.

Inventory:

Hand Weapons
 l - a +5 battleaxe (weapon)
 q - a +2 short sword of speed
 s - a +0 flail
 A - a +2 scimitar of flaming
 B - the +8 lance "Wyrmbane" {slay drac, rPois rF+ rC+ AC+3}
   (You found it on level 11 of the Dungeon)

   AC:        It affects your AC (+3).
   rF:        It protects you from fire.
   rC:        It protects you from cold.
   rPois:     It protects you from poison.
Missiles
 n - 2 javelins
 v - a throwing net
Armour
 c - a +0 cloak
 h - a +0 kite shield (worn)
 p - a scarf of resistance (worn)
 r - a +0 plate armour (worn)
 y - a +0 pair of boots (worn)
Jewellery
 f - an amulet of reflection (around neck)
 m - a ring of resist corrosion (left hand)
 x - a +6 ring of intelligence
Wands
 a - a wand of flame (5)
 o - a wand of paralysis (32)
 u - a wand of polymorph (15)
 w - a wand of quicksilver (6)
Scrolls
 e - a scroll of poison
 g - 5 scrolls of identify
Potions
 b - 3 potions of mutation
 d - 3 potions of might
 i - 3 potions of enlightenment
 j - 4 potions of lignification
 k - 7 potions of curing
 z - a potion of cancellation


   Skills:
 + Level 6.7 Fighting
 * Level 13.3 Axes
 * Level 9.3 Armour
 + Level 1.4 Dodging
 + Level 2.0 Stealth
 * Level 12.1 Shields
 + Level 0.8 Evocations


You had 11 spell levels left.
You didn't know any spells.
Your spell library contained the following spells:

 Spells                   Type           Power      Damage    Failure   Level
 Lesser Beckoning         Tloc           0%         N/A       100%        2
 Call Canine Familiar     Summ           0%         N/A       100%        3
 Gell's Gravitas          Tloc           0%         N/A       100%        3
 Inner Flame              Hex/Fire       0%         N/A       100%        3
 Portal Projectile        Hex/Tloc       0%         N/A       100%        3
 Teleport Other           Tloc           0%         N/A       100%        3
 Flame Wave               Conj/Fire      0%         2d4       100%        4
 Leda's Liquefaction      Hex/Erth       0%         N/A       100%        4
 Sticky Flame             Conj/Fire      0%         2d3       100%        4


Dungeon Overview and Level Annotations

Branches:
Dungeon (11/15)            Temple (1/1) D:5            Lair (0/5) D:8
    Orc (0/2) D:9

Altars:
Ashenzari
Cheibriados
Dithmenos
Elyvilon
Fedhas
Gozag
Hepliaklqana
Kikubaaqudgha
Makhleb
Nemelex Xobeh
Okawaru
Qazlal
Ru
Sif Muna
Trog
Uskayaw
Vehumet
Wu Jian
Xom
Yredelemnul
Zin
The Shining One

Shops:
D:3 !:((   D:6 *   D:7 :


Innate Abilities, Weirdness & Mutations

You cannot be hasted, slowed, berserked, paralysed or teleported.
You can dig through walls and to a lower floor.
You have a pair of large antennae on your head. (SInv)
Your four strong arms can wield two-handed weapons with a shield.


Message History

The volley of spikes hits you!
The barbed spikes become lodged in your body.
Unknown command.
You slice the yak!!
You kill the yak!
The Council accepts your kill.
You slice the yak!! You block the yak's attack.
You hit the yak.
The yak is severely wounded.
You slash the yak! You block the yak's attack. The yak gores you!
You slash the yak!
You kill the yak!
The Council accepts your kill.
You hit the yak but do no damage.
The manticore flicks its tail.
You block volley of spikes... and reflect it back!
The volley of spikes hits the manticore!
You block the yak's attack.
The manticore flicks its tail.
The volley of spikes hits you!
The barbed spikes become lodged in your body.
The yak gores you.
You slash the yak!
The yak is heavily wounded.
The yak gores you!
You closely miss the manticore.
The manticore is moderately wounded.
You hit the yak but do no damage. The manticore bites you!
* * * LOW HITPOINT WARNING * * *
You block the manticore's attack. The manticore claws you!
* * * LOW HITPOINT WARNING * * *
You block the yak's attack.
Unknown command.
Unknown command.
You feel better. The manticore bites you!
* * * LOW HITPOINT WARNING * * *
You block the manticore's attack. The manticore claws you!
* * * LOW HITPOINT WARNING * * *
The yak gores you.
You die...

#...#..[#......#......#
#...#...#......#.>....#
#...'...#......#......#
#...#.|.#......#......#
#...#...#......#......#
#...#...#......#......#
....#...'......#..†...#
....#####......#HY....#
...............#@######
........................
........................
.......##+##'#..........
####...#.....#...###+###
#...#.....#...#
#...+.....#...# #
.#.....#...# #
#.....#...# #


You could see a manticore (skewered) and a yak.

Vanquished Creatures
  Erica (D:10)
  2 two-headed ogres
  A gargoyle (D:10)
  A rime drake (D:8)
  A troll (D:10)
  A polar bear (D:8)
  2 hornets
  Prince Ribbit (D:7)
  A shadow (D:10)
  A wyvern (D:10)
  17 yaks
  2 steam dragons (D:9)
  Grum (D:8)
  A basilisk (D:10)
  A water moccasin (D:5)
  7 orc warriors
  9 ice beasts
  2 sky beasts (D:7)
  2 ogres
  3 black bears
  4 wolves (D:8)
  6 centaurs
  A kobold brigand (D:8)
  5 bullfrogs
  A gnoll sergeant (D:8)
  2 scorpions
  15 wights
  3 killer bees (D:11)
  4 howler monkeys (D:9)
  A jelly (D:4)
  11 orc priests
  2 hounds
  5 iguanas
  14 orc wizards
  10 gnolls
  7 adders
  A white imp (D:6)
  A worm (D:4)
  3 dart slugs
  34 orcs
  8 ball pythons
  3 endoplasms (D:1)
  4 goblins
  6 hobgoblins
  5 jackals
  3 quokkas
  2 bats (D:3)
  2 frilled lizards
  10 kobolds
  5 rats
235 creatures vanquished.

Vanquished Creatures (others)
  An orc wizard (D:5)
  3 orcs
4 creatures vanquished.

Grand Total: 239 creatures vanquished

Notes
Turn   | Place    | Note
-------+----------+-------------------------------------------
     0 | D:1      | Dylgear the Formicid Fighter began the quest for the Orb.
     0 | D:1      | Reached XP level 1. HP: 18/18 MP: 1/1
   147 | D:1      | Reached XP level 2. HP: 24/24 MP: 2/2
   621 | D:2      | Reached XP level 3. HP: 29/29 MP: 3/3
   939 | D:2      | Identified the +1 robe of Honour {Str+3 Int+5}
  1130 | D:3      | Noticed a scorpion
  1257 | D:3      | Found a hazy altar of Hepliaklqana.
  1275 | D:3      | Reached skill level 3 in Axes
  1275 | D:3      | Reached XP level 4. HP: 31/36 MP: 4/4
  1354 | D:3      | Found Davvynif's Book Emporium.
  1478 | D:3      | Reached XP level 5. HP: 42/42 MP: 5/5
  1593 | D:3      | Found Hevem's Antique Weapon Shoppe.
  1636 | D:3      | Reached skill level 4 in Axes
  1893 | D:3      | Found Ututzam's Antique Weapon Shop.
  1912 | D:3      | Reached XP level 6. HP: 24/48 MP: 6/6
  2101 | D:3      | Found Mumobrem's Distillery.
  2137 | D:3      | Bought a potion of curing for 33 gold pieces
  2137 | D:3      | Bought a potion of mutation for 88 gold pieces
  2232 | D:3      | Noticed an ogre
  2238 | D:3      | Killed an ogre
  2239 | D:3      | Reached skill level 5 in Axes
  2339 | D:3      | Found a hide-covered altar of Uskayaw.
  2339 | D:3      | Found an iron altar of Okawaru.
  2341 | D:3      | Found a sparkling altar of Nemelex Xobeh.
  2342 | D:3      | Found a radiant altar of Vehumet.
  2941 | D:4      | Noticed a black bear
  2970 | D:4      | Killed a black bear
  2971 | D:4      | Reached skill level 5 in Shields
  2971 | D:4      | Reached XP level 7. HP: 28/53 MP: 7/7
  3382 | D:4      | Found a burning altar of Makhleb.
  3536 | D:5      | Entered Level 5 of the Dungeon
  3545 | D:5      | Reached skill level 5 in Armour
  3732 | D:5      | Found a shimmering altar of Xom.
  3837 | D:5      | Found a staircase to the Ecumenical Temple.
  3865 | Temple   | Entered the Ecumenical Temple
  3975 | Temple   | Became a worshipper of the Wu Jian Council
  4029 | D:5      | Found a white marble altar of Elyvilon.
  4054 | D:5      | Reached skill level 6 in Axes
  4068 | D:5      | Reached XP level 8. HP: 27/60 MP: 8/8
  4785 | D:5      | Reached skill level 7 in Axes
  4785 | D:5      | Reached skill level 1 in Dodging
  4914 | D:6      | Found an opulent altar of Gozag.
  4914 | D:6      | Found Gozag's Platinum Reserve.
  5000 | D:6      | Reached skill level 5 in Fighting
  5000 | D:6      | Reached XP level 9. HP: 28/68 MP: 9/9
  5157 | D:6      | Reached * piety under Wu Jian
  5829 | D:7      | Found Qideoron's Tiny Tomes.
  5946 | D:7      | Noticed Prince Ribbit
  5962 | D:7      | Killed Prince Ribbit
  5963 | D:7      | Reached skill level 8 in Axes
  6470 | D:7      | Reached skill level 1 in Stealth
  6527 | D:7      | Reached skill level 9 in Axes
  6527 | D:7      | Reached XP level 10. HP: 61/74 MP: 10/10
  7122 | D:8      | Reached skill level 10 in Axes
  7296 | D:8      | Reached ** piety under Wu Jian
  7330 | D:8      | Noticed a rime drake
  7345 | D:8      | Killed a rime drake
  7391 | D:8      | Reached skill level 11 in Axes
  7398 | D:8      | Reached skill level 10 in Shields
  7398 | D:8      | Reached XP level 11. HP: 55/81 MP: 11/11
  7952 | D:8      | Found an ancient bone altar of Kikubaaqudgha.
  7978 | D:8      | Noticed Grum
  7982 | D:8      | Killed Grum
  8125 | D:8      | Reached *** piety under Wu Jian
  8129 | D:8      | Found a staircase to the Lair.
  8510 | D:9      | Found a glowing golden altar of the Shining One.
  8513 | D:9      | Noticed a two-headed ogre
  8520 | D:9      | Noticed a two-headed ogre
  8688 | D:9      | Reached skill level 12 in Axes
  8934 | D:8      | Killed a two-headed ogre
  9121 | D:9      | Found a staircase to the Orcish Mines.
  9230 | D:9      | Killed a two-headed ogre
  9780 | D:10     | Entered Level 10 of the Dungeon
  9863 | D:10     | Found a basalt altar of Yredelemnul.
 10034 | D:10     | Reached **** piety under Wu Jian
 10069 | D:10     | Reached XP level 12. HP: 71/89 MP: 12/12
 10285 | D:10     | Noticed Erica
 10293 | D:10     | Killed Erica
 10294 | D:10     | Reached skill level 13 in Axes
 10630 | D:11     | Found the +8 lance "Wyrmbane" {slay drac, rPois rF+ rC+
                  | AC+3}
 10674 | D:11     | HP: 2/89 [manticore (10)]
 10674 | D:11     | Slain by a yak

Illustrated notes

Levels and vault maps discovered:
D:1:      dpeg_arrival_houses_and_road, layout_basic
D:2:      layout_basic
D:3:      minmay_door_path, layout_loops_corners, mainiacjoe_overflow_alcove_3,
          mainiacjoe_overflow_six_doors_small, serial_shops, shop, shop,
          nicolae_shop_industrial_runoff, shop, serial_bayou_lagoon_a,
          minmay_distorted
D:4:      layout_basic, lemuel_round_altar, solitary_fountain
D:5:      layout_loops_ring, nicolae_elyvilon_temple_path,
          brannock_xom_greatest_gift, minmay_temple_entry_crystal_x
D:6:      layout_loops_ring, nicolae_gozag_zags_fifth_avenue,
          kennysheep_diamond, grunt_ministairs_6
D:7:      layout_basic, nicolae_shop_i_like_small_books_too, uniq_prince_ribbit1
D:8:      layout_loops_ring, general_overflow_altar, hellmonk_lair_entry_icy,
          uniq_grum
D:9:      layout_cave_pools, amcnicky_altar_gilded, erik_orc_2
D:10:     layout_cave_pools, mainiacjoe_overflow_concentric_impassable,
          uniq_erica
D:11:     layout_irregular_city
Temple:   compressed_dpeg_circular_temple

Skill      XL: |  1  2  3  4  5  6  7  8  9 10 11 12 |
---------------+-------------------------------------+-----
Axes           | 3 4 5 6 7 9 11 12 13 | 13.3
Armour         | 4 5 6 7 8 9 |  9.3
Shields        | 5 6 7 8 10 11 12 | 12.1
Fighting       | 4 5 6 |  6.7
Dodging        | 1 |  1.4
Stealth        | 1 2 |  2.0
Evocations     | |  0.8

Action                     |  1- 3 |  4- 6 |  7- 9 | 10-12 || total
---------------------------+-------+-------+-------+-------++-------
  Melee: War axe           |    51 |   116 |   168 |       ||   335
         Hand axe          |       |       |     6 |       ||     6
         Battleaxe         |       |       |    64 |   374 ||   438
Ability: Lunge             |       |       |     7 |    22 ||    29
         Whirlwind         |       |       |     1 |    13 ||    14
  Evoke: Wand              |       |       |       |    11 ||    11
    Use: Scroll            |       |     7 |     6 |     1 ||    14
         Potion            |       |     4 |     3 |     3 ||    10
 Armour: Scale mail        |    24 |    32 |       |       ||    56
         Chain mail        |       |    13 |    74 |       ||    87
         Plate armour      |       |       |     7 |   100 ||   107
  Dodge: Dodged            |    26 |    50 |    41 |    54 ||   171
  Block: Buckler           |    13 |    28 |       |       ||    41
         Kite shield       |       |    31 |   171 |   306 ||   508
         Reflection        |       |       |     8 |    14 ||    22

Table legend: (Time is in decaauts)
 A = Elapsed time spent in this place.
 B = Non-inter-level travel time spent in this place.
 C = Inter-level travel time spent in this place.
 D = Time resting spent in this place.
 E = Time spent auto-exploring this place.
 F = Levels seen in this place.
 G = Mean time per level.
                   A        B        C        D        E       F      G
               +--------+--------+--------+--------+--------+-----+--------+
         Total |  10908 |  10114 |    794 |   1687 |   5469 |  12 |  909.0 |
       Dungeon |  10785 |   9991 |    794 |   1687 |   5371 |  11 |  980.5 |
        Temple |    123 |    123 |      0 |      0 |     98 |   1 |  123.0 |
               +--------+--------+--------+--------+--------+-----+--------+

Top non-repeatable levels by time:
     D:8: 1815 daAuts
     D:3: 1721 daAuts
     D:7: 1351 daAuts
     D:5: 1118 daAuts
     D:6: 973 daAuts
     D:9: 950 daAuts
     D:4: 754 daAuts
     D:2: 709 daAuts
    D:10: 653 daAuts
     D:1: 514 daAuts
    D:11: 222 daAuts
  Temple: 123 daAuts
